CCBL
BOURNE BRAVES @ HYANNIS HARBOR HAWKS
02/27/2060
 
TOP OF THE 1ST
Bourne Braves batting - Pitching for Hyannis Harbor Hawks : RHP Derek Hannon
Pitching: RHP Derek Hannon
Batting: LHB Jack Motzer 0-0: Ball
1-0: Ground out 5-3 (Groundball, 5, EV 102.5 MPH)
Batting: RHB Steve Norman 0-0: Ball
1-0: Ball
2-0: Called Strike
2-1: Called Strike
2-2: Ball
3-2: Ground out 6-3 (Groundball, 6, EV 80.0 MPH)
Batting: RHB Vince Tanner 0-0: Ball
1-0: Ball
2-0: Called Strike
2-1: Swinging Strike
2-2: Ball
3-2: Base on Balls
Batting: RHB Frey Granado 0-0: Ball
1-0: Foul Ball, location: 2F
1-1: DOUBLE (Flyball, 8LXD, EV 105.0 MPH)
Vince Tanner to third
Batting: LHB Blake Wolf 0-0: Foul Ball, location: 2F
0-1: Ball
1-1: Called Strike
1-2: Ball
2-2: Ball
3-2: Base on Balls
Batting: RHB Zane Welker 0-0: Ball
1-0: Fly out, F5 (Line Drive, 5L, EV 68.8 MPH)
Top of the 1st over - 0 runs, 1 hit, 0 errors, 3 left on base; Bourne 0 - Hyannis 0
BOTTOM OF THE 1ST
Hyannis Harbor Hawks batting - Pitching for Bourne Braves : RHP Demetrius Krouse
Pitching: RHP Demetrius Krouse
Batting: RHB Seth Leimer 0-0: Called Strike
0-1: Foul Ball, location: 2F
0-2: Ball
1-2: Strikes out looking
Batting: RHB Jim Jimenez 0-0: Ball
1-0: Foul Ball, location: 2F
1-1: Fly out, F6 (Line Drive, 6, EV 62.5 MPH)
Batting: RHB Raymond Trainor 0-0: Ball
1-0: SINGLE (Line Drive, 89S, EV 91.9 MPH)
Batting: RHB Jalen Olenick 0-0: Called Strike
0-1: Fly out, F6 (Line Drive, 6, EV 64.4 MPH)
Bottom of the 1st over - 0 runs, 1 hit, 0 errors, 1 left on base; Bourne 0 - Hyannis 0
TOP OF THE 2ND
Bourne Braves batting - Pitching for Hyannis Harbor Hawks : RHP Derek Hannon
Batting: LHB Israel Quinzi 0-0: Foul Ball, location: 2F
0-1: Ball
1-1: Ground out 4-3 (Groundball, 4, EV 82.5 MPH)
Batting: RHB Aron Williams 0-0: Called Strike
0-1: Ball
1-1: Called Strike
1-2: Ball
2-2: Ball
3-2: Foul Ball, location: 2F
3-2: Foul Ball, location: 2F
3-2: Base on Balls
Batting: RHB Coleman Fitzgerald 0-0: Grounds into double play, 5-4-3 (Groundball, 56S, EV 85.6 MPH)
Top of the 2nd over - 0 runs, 0 hits, 0 errors, 0 left on base; Bourne 0 - Hyannis 0
BOTTOM OF THE 2ND
Hyannis Harbor Hawks batting - Pitching for Bourne Braves : RHP Demetrius Krouse
Batting: RHB Max Herndon 0-0: Ball
1-0: Ball
2-0: Ball
3-0: Base on Balls
Batting: RHB Adam Wilbanks 0-0: Called Strike
0-1: Swinging Strike
0-2: Foul Ball, location: 2F
0-2: Ball
1-2: Strikes out swinging
Batting: RHB Elliott Osby 0-0: Called Strike
Max Herndon steals 2nd base
0-1: Foul Ball, location: 2F
0-2: Strikes out swinging
Batting: RHB Eric Matthews 0-0: Fly out, F7 (Flyball, 7, EV 88.8 MPH)
Bottom of the 2nd over - 0 runs, 0 hits, 0 errors, 1 left on base; Bourne 0 - Hyannis 0
TOP OF THE 3RD
Bourne Braves batting - Pitching for Hyannis Harbor Hawks : RHP Derek Hannon
Batting: LHB Jack Motzer 0-0: Called Strike
0-1: Ball
1-1: Ball
2-1: Ball
3-1: Ground out U3 (Groundball, 3L, EV 106.2 MPH)
Batting: RHB Steve Norman 0-0: Swinging Strike
0-1: Foul Ball, location: 2F
0-2: Ball
1-2: Ball
2-2: Strikes out swinging
Batting: RHB Vince Tanner 0-0: Swinging Strike
0-1: Called Strike
0-2: Ball
1-2: Strikes out swinging
Top of the 3rd over - 0 runs, 0 hits, 0 errors, 0 left on base; Bourne 0 - Hyannis 0
BOTTOM OF THE 3RD
Hyannis Harbor Hawks batting - Pitching for Bourne Braves : RHP Demetrius Krouse
Batting: RHB Joey Mark 0-0: Ball
1-0: Ball
2-0: Called Strike
2-1: Swinging Strike
2-2: Fly out, F7 (Flyball, 78M, EV 92.5 MPH)
Batting: RHB Seth Leimer 0-0: Foul Ball, location: 2F
0-1: Ball
1-1: Ball
2-1: Foul Ball, location: 2F
2-2: SINGLE (Groundball, 6D, EV 100.6 MPH)
Batting: RHB Jim Jimenez 0-0: Called Strike
Seth Leimer steals 2nd base
0-1: Called Strike
0-2: Ball
1-2: Ball
2-2: Foul Ball, location: 2F
2-2: Foul Ball, location: 2F
2-2: Foul Ball, location: 2F
2-2: SINGLE (Groundball, 5L, EV 98.8 MPH)
Seth Leimer to third
Batting: RHB Raymond Trainor 0-0: Ball
Jim Jimenez steals 2nd base
1-0: Fly out, F8 (Flyball, 8RD, EV 95.6 MPH)
Runner from 3rd tags up, SCORES, throw by CF
Batting: RHB Jalen Olenick 0-0: Called Strike
0-1: Ball
1-1: Ball
2-1: Ball
3-1: SINGLE (Line Drive, 78M, EV 104.4 MPH)
Jim Jimenez to third
Runner from 3rd tries for Home, SAFE, throw by CF to home
Batting: RHB Max Herndon 0-0: Ball
1-0: Foul Ball, location: 2F
1-1: Swinging Strike
1-2: Fielders Choice at 2nd, 5-4 (Groundball, 56, EV 100.6 MPH)
Bottom of the 3rd over - 2 runs, 3 hits, 0 errors, 1 left on base; Bourne 0 - Hyannis 2
TOP OF THE 4TH
Bourne Braves batting - Pitching for Hyannis Harbor Hawks : RHP Derek Hannon
Batting: RHB Frey Granado 0-0: Ball
1-0: Called Strike
1-1: Foul Ball, location: 2F
1-2: Fly out, F8 (Line Drive, 8LS, EV 87.5 MPH)
Batting: LHB Blake Wolf 0-0: Ball
1-0: Ball
2-0: SINGLE (Groundball, 6M, EV 106.2 MPH) (infield hit)
Batting: RHB Zane Welker 0-0: Ball
1-0: Called Strike
1-1: Swinging Strike
1-2: Foul Ball, location: 2F
1-2: Foul Ball, location: 2F
1-2: Foul Ball, location: 2F
1-2: Ball
2-2: Ball
Wild Pitch!
Blake Wolf to second
3-2: Foul Ball, location: 2F
3-2: Strikes out swinging
Batting: LHB Israel Quinzi 0-0: Called Strike
0-1: Ball
1-1: Ball
2-1: Called Strike
2-2: Fly out, F5 (Popup, 25F, EV 90.0 MPH)
Top of the 4th over - 0 runs, 1 hit, 0 errors, 1 left on base; Bourne 0 - Hyannis 2
BOTTOM OF THE 4TH
Hyannis Harbor Hawks batting - Pitching for Bourne Braves : RHP Demetrius Krouse
Batting: RHB Adam Wilbanks 0-0: Ball
1-0: Ball
2-0: Foul Ball, location: 2F
2-1: Ball
3-1: Foul Ball, location: 2F
3-2: Ground out 4-3 (Groundball, 4S, EV 72.5 MPH)
Batting: RHB Elliott Osby 0-0: Called Strike
0-1: Foul Ball, location: 2F
0-2: Ball
1-2: Strikes out looking
Batting: RHB Eric Matthews 0-0: Foul Ball, location: 2F
0-1: Swinging Strike
0-2: Foul Ball, location: 2F
0-2: SOLO HOME RUN (Flyball, 7D, EV 93.1 MPH), Distance : 354 ft
Batting: RHB Joey Mark 0-0: Called Strike
0-1: Foul Ball, location: 2F
0-2: SINGLE (Line Drive, 6M, EV 96.9 MPH)
Batting: RHB Seth Leimer 0-0: Called Strike
0-1: Called Strike
0-2: Foul Ball, location: 2F
0-2: Strikes out swinging
Bottom of the 4th over - 1 run, 2 hits, 0 errors, 1 left on base; Bourne 0 - Hyannis 3
TOP OF THE 5TH
Bourne Braves batting - Pitching for Hyannis Harbor Hawks : RHP Derek Hannon
Batting: RHB Aron Williams 0-0: Called Strike
0-1: Ground out 4-3 (Groundball, 4D, EV 90.6 MPH)
Batting: RHB Coleman Fitzgerald 0-0: SINGLE (Groundball, 4MD, EV 96.9 MPH)
Batting: LHB Jack Motzer 0-0: Ball
Coleman Fitzgerald steals 2nd base
1-0: Foul Ball, location: 2F
1-1: Fly out, F6 (Line Drive, 6D, EV 68.1 MPH)
Batting: RHB Steve Norman 0-0: Fly out, F7 (Line Drive, 78M, EV 100.6 MPH)
Top of the 5th over - 0 runs, 1 hit, 0 errors, 1 left on base; Bourne 0 - Hyannis 3
BOTTOM OF THE 5TH
Hyannis Harbor Hawks batting - Pitching for Bourne Braves : RHP Demetrius Krouse
Batting: RHB Jim Jimenez 0-0: Ball
1-0: Ball
2-0: Called Strike
2-1: Swinging Strike
2-2: SINGLE (Line Drive, 9S, EV 98.8 MPH)
Batting: RHB Raymond Trainor 0-0: Called Strike
0-1: Ball
1-1: Foul Ball, location: 2F
1-2: Ball
2-2: Fly out, F3 (Popup, 3F, EV 71.9 MPH)
Batting: RHB Jalen Olenick 0-0: Fly out, F8 (Flyball, 78S, EV 73.1 MPH)
Pitching: RHP Craig Hand
Batting: RHB Max Herndon 0-0: Ball
1-0: Swinging Strike
1-1: Ball
2-1: Called Strike
2-2: Ball
3-2: Base on Balls
Jim Jimenez to second
Batting: RHB Adam Wilbanks 0-0: Ball
1-0: Ball
2-0: SINGLE (Flyball, 5D, EV 87.5 MPH)
Jim Jimenez to third
Max Herndon to second
Runner from 3rd tries for Home, SAFE, throw by LF to home
Batting: RHB Elliott Osby 0-0: Ground out U3 (Groundball, 34S, EV 81.2 MPH)
Bottom of the 5th over - 1 run, 2 hits, 0 errors, 2 left on base; Bourne 0 - Hyannis 4
TOP OF THE 6TH
Bourne Braves batting - Pitching for Hyannis Harbor Hawks : RHP Derek Hannon
Batting: RHB Vince Tanner 0-0: Ball
1-0: Foul Ball, location: 2F
1-1: Ball
2-1: Called Strike
2-2: Foul Ball, location: 2F
2-2: Strikes out looking
Pitching: RHP Skyler Blackford
Batting: RHB Frey Granado 0-0: Swinging Strike
0-1: Ball
1-1: Ball
2-1: Called Strike
2-2: SINGLE (Line Drive, 8RS, EV 95.6 MPH)
Batting: LHB Blake Wolf 0-0: Ball
1-0: Called Strike
1-1: 2-RUN HOME RUN (Flyball, 7D, EV 93.1 MPH), Distance : 361 ft
Batting: RHB Zane Welker 0-0: Ball
1-0: Fly out, F7 (Flyball, 7D, EV 100.0 MPH)
Batting: LHB Israel Quinzi 0-0: Called Strike
0-1: Ball
1-1: SINGLE (Groundball, 34D, EV 108.8 MPH)
Batting: RHB Aron Williams 0-0: Ball
1-0: Ball
2-0: Ball
3-0: Called Strike
3-1: SINGLE (Groundball, 34D, EV 104.4 MPH)
Israel Quinzi to second
Runner from 2nd tries for 3rd, SAFE, throw by RF made to third
Batting: RHB Coleman Fitzgerald 0-0: Ball
1-0: Swinging Strike
1-1: Ball
2-1: Foul Ball, location: 2F
2-2: Foul Ball, location: 2F
2-2: Ball
3-2: Fly out, F9 (Flyball, 9S, EV 89.4 MPH)
Top of the 6th over - 2 runs, 4 hits, 0 errors, 2 left on base; Bourne 2 - Hyannis 4
BOTTOM OF THE 6TH
Hyannis Harbor Hawks batting - Pitching for Bourne Braves : RHP Craig Hand
Batting: RHB Eric Matthews 0-0: Ball
1-0: Fly out, F7 (Flyball, 7, EV 81.9 MPH)
Batting: RHB Joey Mark 0-0: Ball
1-0: Ball
2-0: Ball
3-0: Base on Balls
Batting: RHB Seth Leimer 0-0: Called Strike
Joey Mark is caught stealing 2nd base 2-4
0-1: Fly out, F9 (Line Drive, 9D, EV 93.8 MPH)
Bottom of the 6th over - 0 runs, 0 hits, 0 errors, 0 left on base; Bourne 2 - Hyannis 4
TOP OF THE 7TH
Bourne Braves batting - Pitching for Hyannis Harbor Hawks : RHP Skyler Blackford
Batting: LHB Jack Motzer 0-0: Ball
1-0: Called Strike
1-1: Foul Ball, location: 2F
1-2: Ground out 4-3 (Groundball, 34, EV 80.0 MPH)
Batting: RHB Steve Norman 0-0: Called Strike
0-1: Ball
1-1: DOUBLE (Flyball, 8LXD, EV 98.8 MPH)
Batting: RHB Vince Tanner 0-0: Ball
1-0: Called Strike
1-1: Ball
2-1: Fly out, F9 (Flyball, 89XD, EV 86.2 MPH)
Runner from 2nd tags up, SAFE at 3rd, no throw by RF
Batting: RHB Frey Granado 0-0: Ball
1-0: Ball
2-0: Ball
3-0: Base on Balls
Batting: LHB Blake Wolf 0-0: Ball
1-0: Ball
Wild Pitch!
Steve Norman scores
Frey Granado to second
2-0: Fly out, F8 (Flyball, 8LS, EV 90.0 MPH)
Top of the 7th over - 1 run, 1 hit, 0 errors, 1 left on base; Bourne 3 - Hyannis 4
BOTTOM OF THE 7TH
Hyannis Harbor Hawks batting - Pitching for Bourne Braves : RHP Craig Hand
Batting: RHB Jim Jimenez 0-0: Called Strike
0-1: Fly out, F9 (Flyball, 9, EV 86.2 MPH)
Batting: RHB Raymond Trainor 0-0: Called Strike
0-1: Foul Ball, location: 2F
0-2: Foul Ball, location: 2F
0-2: Fly out, F8 (Flyball, 8RD, EV 88.1 MPH)
Batting: RHB Jalen Olenick 0-0: Called Strike
0-1: SINGLE (Flyball, 5D, EV 90.0 MPH)
Batting: RHB Max Herndon 0-0: Called Strike
0-1: Ball
1-1: Foul Ball, location: 2F
1-2: DOUBLE (Line Drive, 7LS, EV 103.1 MPH)
Jalen Olenick to third
Batting: RHB Adam Wilbanks 0-0: Ball
1-0: Called Strike
1-1: Ground out 1-3 (Groundball, 34S, EV 71.2 MPH)
Bottom of the 7th over - 0 runs, 2 hits, 0 errors, 2 left on base; Bourne 3 - Hyannis 4
TOP OF THE 8TH
Bourne Braves batting - Pitching for Hyannis Harbor Hawks : RHP Skyler Blackford
Pitching: RHP Branden Lynch
Batting: RHB Zane Welker 0-0: Ball
1-0: Foul Ball, location: 2F
1-1: Ball
2-1: Ball
3-1: Base on Balls
Batting: LHB Israel Quinzi 0-0: Ball
1-0: SINGLE (Line Drive, 9S, EV 105.0 MPH)
Zane Welker to second
Pinch Runner at 2nd Abraham Wade:
Pinch Hitting: LHB Trent Carrillo 0-0: Called Strike
0-1: Swinging Strike
0-2: Ball
1-2: Strikes out swinging
Pinch Hitting: LHB Michael Monks 0-0: SINGLE (Groundball, 13S, EV 71.2 MPH) (infield hit)
Abraham Wade to third
Israel Quinzi to second
Batting: LHB Jack Motzer 0-0: Called Strike
0-1: Ball
1-1: Ball
2-1: Ball
3-1: Called Strike
3-2: Strikes out swinging
Batting: RHB Steve Norman 0-0: Fielders Choice at 2nd, 6-4 (Groundball, 6, EV 83.8 MPH)
Top of the 8th over - 0 runs, 2 hits, 0 errors, 3 left on base; Bourne 3 - Hyannis 4
BOTTOM OF THE 8TH
Hyannis Harbor Hawks batting - Pitching for Bourne Braves : RHP Craig Hand
Now at C: Trent Carrillo
Now in RF: Michael Monks
Batting: RHB Elliott Osby 0-0: Ball
1-0: Foul Ball, location: 2F
1-1: Ball
2-1: DOUBLE (Line Drive, 3D, EV 100.0 MPH)
Batting: RHB Eric Matthews 0-0: Called Strike
0-1: Swinging Strike
0-2: Ground out 2-3 (Groundball, 15S, EV 66.2 MPH)
Elliott Osby to third
Pitching: RHP Dalton Sill
Batting: RHB Joey Mark 0-0: Ball
1-0: Called Strike
1-1: Swinging Strike
1-2: Foul Ball, location: 2F
1-2: Ball
2-2: Ball
3-2: Strikes out swinging
Batting: RHB Seth Leimer 0-0: Intentional Walk
Batting: RHB Jim Jimenez 0-0: Foul Ball, location: 2F
0-1: Called Strike
0-2: Ball
1-2: Ball
2-2: 3-RUN HOME RUN (Flyball, 7LD, EV 96.2 MPH), Distance : 342 ft
Batting: RHB Raymond Trainor 0-0: Ball
1-0: Foul Ball, location: 5F, Error on foul ball, E5
1-1: Ball
2-1: Foul Ball, location: 2F
2-2: Foul Ball, location: 2F
2-2: Foul Ball, location: 2F
2-2: Foul Ball, location: 2F
2-2: Ball
3-2: Foul Ball, location: 2F
3-2: Base on Balls
Batting: RHB Jalen Olenick 0-0: Ball
Raymond Trainor steals 2nd base (no throw)
1-0: Intentional Walk
Batting: RHB Max Herndon 0-0: Ball
1-0: Called Strike
1-1: Swinging Strike
1-2: Ball
Pickoff Throw to Second - Out!
Bottom of the 8th over - 3 runs, 2 hits, 1 error, 1 left on base; Bourne 3 - Hyannis 7
TOP OF THE 9TH
Bourne Braves batting - Pitching for Hyannis Harbor Hawks : RHP Branden Lynch
Batting: RHB Vince Tanner 0-0: SOLO HOME RUN (Flyball, 78XD, EV 99.4 MPH), Distance : 409 ft
Batting: RHB Frey Granado 0-0: Called Strike
0-1: SINGLE (Line Drive, 8LS, EV 93.1 MPH)
Batting: LHB Blake Wolf 0-0: Ball
1-0: Called Strike
1-1: Foul Ball, location: 2F
1-2: Grounds into double play, 6-4-3 (Groundball, 6, EV 101.9 MPH)
Batting: RHB Abraham Wade 0-0: Ball
1-0: Ball
2-0: Ball
3-0: Base on Balls
Batting: LHB Israel Quinzi 0-0: Ground out U3 (Groundball, 3, EV 91.2 MPH)
Top of the 9th over - 1 run, 2 hits, 0 errors, 1 left on base; Bourne 4 - Hyannis 7
Tuesday, April 16th , 2024 - OOTP Baseball 23.10 Build 110